 Dungeon Crawl Stone Soup version 0.29.1-2-gbd0b4ee654 (webtiles) character file.

Game seed: 7610009213718388506

1572 kingsuperguy the Basher (level 8, -15/70 HPs)
             Began as a Minotaur Berserker on Nov 16, 2022.
             Was a Priest of Trog.
             Demolished by an orc warrior
             ... wielding a +0 battleaxe
              (32 damage)
             ... on level 6 of the Dungeon.
             The game lasted 00:13:21 (5509 turns).

kingsuperguy the Basher (Minotaur Berserker)        Turns: 5509, Time: 00:13:21

Health: -15/70     AC: 13    Str: 29    XL:     8   Next: 59%
Magic:  7/7        EV:  8    Int:  4    God:    Trog [***...]
Gold:   394        SH:  0    Dex: 11    Spells: 7/7 levels left

rFire   x . .      SeeInvis .   w - +1 morningstar (drain)
rCold   + . .      Faith    +   (no shield)
rNeg    . . .      Spirit   .   q - +1 plate armour
rPois   .          Reflect  .   (helmet restricted)
rElec   .          Harm     .   (no cloak)
rCorr   .          Rampage  .   (no gloves)
Will    .....                   (no boots)
Stlth   ..........              g - amulet of faith
HPRegen 0.21/turn               l - +6 ring of strength
MPRegen 0.10/turn               s - ring of ice

@: on berserk cooldown, slowed, very slow
A: horns 2, retaliatory headbutt
a: Renounce Religion, Berserk, Trog's Hand


You were on level 6 of the Dungeon.
You worshipped Trog.
Trog was most pleased with you.
You visited 2 branches of the dungeon, and saw 7 of its levels.

You collected 394 gold pieces.

Inventory:

Hand Weapons
 a - a +0 falchion
 i - a +0 whip of flaming
 m - a +1 dagger of venom
 u - a +1 dagger of venom
 w - a +1 morningstar of draining (weapon)
 y - a +1 vorpal war axe
 B - a +0 rapier
 H - a +0 long sword
Missiles
 o - 21 stones (quivered)
 E - 2 poisoned darts
Armour
 b - a +0 animal skin
 h - a +0 leather armour
 q - a +1 plate armour (worn)
 C - a +0 plate armour
 I - +0 steam dragon scales
Jewellery
 g - an amulet of faith (around neck)
 l - a +6 ring of strength (left hand)
 s - a ring of ice (right hand)
 t - a +4 ring of slaying
 z - a +6 ring of dexterity
 G - a ring of protection from fire
Scrolls
 c - 2 scrolls of silence {unknown}
 d - a scroll of blinking {unknown}
 e - 3 scrolls of enchant armour
 f - a scroll of teleportation
 j - a scroll of fear {unknown}
 k - a scroll of vulnerability {unknown}
 n - 3 scrolls of identify
 r - 2 scrolls of amnesia {unknown}
 v - 3 scrolls of enchant weapon {unknown}
 F - a scroll of poison {unknown}
Potions
 p - a potion of heal wounds
 x - a potion of invisibility {unknown}
 A - a potion of lignification
 D - a potion of flight {unknown}


   Skills:
 + Level 6.1 Fighting
 - Level 4.0 Long Blades
 * Level 10.2 Maces & Flails
 + Level 5.6 Armour
 + Level 2.9 Dodging
 + Level 1.1 Stealth


You had 7 spell levels left.
You didn't know any spells.
Your spell library was empty.

Dungeon Overview and Level Annotations

Branches:
Dungeon (6/15)             Temple (1/1) D:5

Altars:
Cheibriados
Dithmenos
Elyvilon
Gozag
Hepliaklqana
Makhleb
Nemelex Xobeh
Okawaru
Qazlal
Ru
Sif Muna
Trog
Uskayaw
Xom
Yredelemnul
Zin
The Shining One

Annotations:
D:2 Natasha


Innate Abilities, Weirdness & Mutations

You have a pair of horns on your head.
You reflexively headbutt those who attack you in melee.


Message History

The steam dragon is lightly wounded.
The steam dragon breathes steam at you. The ball of steam hits you!!
The steam scalds you terribly!
* * * LOW HITPOINT WARNING * * *
A red film seems to cover your vision as you go berserk!
You feel yourself moving faster!
You feel mighty!
You are engulfed in a cloud of scalding steam.
The steam dragon barely misses you. You furiously retaliate!
You headbutt the steam dragon!
The steam dragon claws you but does no damage.
You puncture the steam dragon!
You kill the steam dragon!
Trog accepts your kill.
The steam dragon scales are intact enough to wear.
You are engulfed in a cloud of scalding steam.
You hear a shout!
Your Maces & Flails skill increases to level 10!
You're standing in a cloud of steam!
You're standing in a cloud of steam!
You're standing in a cloud of steam!
You're standing in a cloud of steam!
You're standing in a cloud of steam!
You're standing in a cloud of steam!
You start resting.
You feel a strong urge to attack something.
You're standing in a cloud of steam!
You start resting.
You feel your anger nearly subside.
You start resting.
You are no longer berserk.
You are exhausted.
You feel yourself slow down.
The orc warrior shouts!
The orc shouts!
Things that are here:
+0 steam dragon scales; a steam dragon corpse I - +0 steam dragon scales The orc warrior drinks a potion.
The orc warrior seems to grow stronger.
The orc warrior attacks as you move away!
The orc warrior hits you with a +0 battleaxe!!
You die...

#>.....##†#####.#
........))......####
#...................
#..............###
###....##.##...###
.....#..#.#†.#...#
.##..##.....##...###
........_.........#
### .##...@.##..##.#
#..#.#oo#..# .#
....##.##...## .##
###.......o.####..###
#######.........(.##
#..........?.#
#..............#
#................
#)................


You could see an orc warrior (strong) and 2 orcs.

Vanquished Creatures
  Grinder (D:5)
  Eustachio (D:5)
  A steam dragon (D:6)
  Menkaure (D:5)
  A water moccasin (D:5)
  2 sky beasts
  An ogre (D:6)
  A bullfrog (D:6)
  4 scorpions
  2 hounds
  2 iguanas
  3 gnolls (D:6)
  6 adders
  2 worms
  2 dart slugs
  11 orcs
  6 ball pythons
  4 bats
  10 endoplasms
  2 giant cockroaches
  6 goblins
  5 hobgoblins
  3 jackals (D:5)
  5 quokkas
  3 frilled lizards
  12 kobolds
  5 rats
102 creatures vanquished.

Vanquished Creatures (others)
  An orc (D:6)
1 creature vanquished.

Grand Total: 103 creatures vanquished

Notes
Turn   | Place    | Note
-------+----------+-------------------------------------------
     0 | D:1      | kingsuperguy the Minotaur Berserker began the quest for the
                  | Orb.
     0 | D:1      | Reached XP level 1. HP: 19/19 MP: 0/0
   117 | D:1      | Reached XP level 2. HP: 26/27 MP: 1/1
  1165 | D:2      | Reached XP level 3. HP: 25/33 MP: 2/2
  1390 | D:2      | Reached skill level 1 in Maces & Flails
  1515 | D:2      | Found a glowing silver altar of Zin.
  1878 | D:2      | Reached ** piety under Trog
  1886 | D:2      | Reached skill level 2 in Maces & Flails
  2062 | D:2      | Noticed Natasha
  2169 | D:2      | Reached XP level 4. HP: 41/41 MP: 3/3
  3173 | D:4      | Reached skill level 3 in Maces & Flails
  3727 | D:4      | Noticed a scorpion
  3733 | D:4      | Killed a scorpion
  3734 | D:4      | Reached skill level 4 in Maces & Flails
  3734 | D:4      | Reached XP level 5. HP: 47/47 MP: 4/4
  3853 | D:4      | Found a hide-covered altar of Uskayaw.
  3853 | D:4      | Found a snail-covered altar of Cheibriados.
  3854 | D:4      | Found a shadowy altar of Dithmenos.
  3886 | D:4      | Noticed a sky beast
  3897 | D:4      | Killed a sky beast
  3898 | D:4      | Reached XP level 6. HP: 55/55 MP: 5/5
  3983 | D:4      | Found a glowing golden altar of the Shining One.
  4273 | D:5      | Entered Level 5 of the Dungeon
  4273 | D:5      | Noticed a sky beast
  4273 | D:5      | Found a staircase to the Ecumenical Temple.
  4281 | D:5      | Killed a sky beast
  4282 | D:5      | Reached skill level 5 in Maces & Flails
  4332 | D:5      | Noticed a water moccasin
  4341 | D:5      | Killed a water moccasin
  4342 | D:5      | Reached skill level 5 in Fighting
  4342 | D:5      | Reached skill level 6 in Maces & Flails
  4342 | D:5      | Reached XP level 7. HP: 60/61 MP: 6/6
  4388 | D:5      | Noticed Menkaure
  4393 | D:5      | Killed Menkaure
  4394 | D:5      | Reached skill level 7 in Maces & Flails
  4488 | D:5      | Noticed Grinder
  4488 | D:5      | Paralysed by Grinder for 2 turns
  4497 | D:5      | Paralysed by Grinder for 2 turns
  4525 | Temple   | Entered the Ecumenical Temple
  4606 | D:5      | Killed Grinder
  4607 | D:5      | Reached skill level 8 in Maces & Flails
  4607 | D:5      | Reached skill level 1 in Stealth
  4662 | D:5      | Noticed Eustachio
  4671 | D:5      | Killed Eustachio
  4672 | D:5      | Reached skill level 5 in Armour
  4672 | D:5      | Reached XP level 8. HP: 69/69 MP: 7/7
  4820 | D:5      | Reached skill level 9 in Maces & Flails
  5298 | D:6      | Found a shimmering blue altar of Sif Muna.
  5306 | D:6      | Reached *** piety under Trog
  5501 | D:6      | Reached skill level 10 in Maces & Flails
  5509 | D:6      | Demolished by an orc warrior

Illustrated notes

Levels and vault maps discovered:
D:1:      lemuel_arrival_cross, layout_basic, dreamdust_princess_bridge,
          minmay_tromino_v7
D:2:      layout_loops_cross, basic_altar, uniq_natasha
D:3:      layout_rooms, hangedman_abyss_or_decor_stabs,
          amcnicky_mini_corridor_feature, grunt_ministairs_4
D:4:      layout_basic, nicolae_overflow_quartered_altars
D:5:      layout_rooms, minmay_temple_entry_junction, uniq_grinder,
          uniq_eustachio, uniq_menkaure
D:6:      layout_basic, mainiacjoe_overflow_small_starburst, uniq_pikel
Temple:   nicolae_temple_x_marks_the_god

Skill      XL: |  1  2  3  4  5  6  7  8 |
---------------+-------------------------+-----
Long Blades    | 4 |  4.0
Fighting       | 4 5 6 |  6.1
Maces & Flails | 2 4 6 8 10 | 10.2
Armour         | 3 4 5 |  5.6
Stealth        | 1 |  1.1
Dodging        | |  2.9

Action                   |  1- 3 |  4- 6 |  7- 9 || total
-------------------------+-------+-------+-------++-------
Melee: Falchion          |    19 |       |       ||    19
       Whip              |    62 |    33 |       ||    95
       Headbutt          |    11 |     6 |    10 ||    27
       Punch             |     1 |     2 |     1 ||     4
       Morningstar       |       |    50 |    60 ||   110
Invok: Berserk           |     1 |     3 |     6 ||    10
       Trog's Hand       |       |       |     2 ||     2
  Use: Potion            |     1 |       |       ||     1
       Scroll            |       |       |     3 ||     3
Armor: Animal skin       |     5 |       |       ||     5
       Skin              |    14 |       |       ||    14
       Leather armour    |    12 |     2 |       ||    14
       Plate armour      |       |    31 |    56 ||    87
Dodge: Dodged            |    43 |    34 |    29 ||   106
